 Dungeon Crawl Stone Soup version 0.19.5 (webtiles) character file.

41 NullDivider the Ducker (level 3, 0/17 HPs)
             Began as a Felid Monk on Apr 20, 2017.
             Slain by a hound (6 damage)
             ... on level 3 of the Dungeon.
             The game lasted 00:14:25 (4247 turns).

NullDivider the Ducker (Felid Monk)                 Turns: 4247, Time: 00:14:26

Health: 0/17       AC:  1    Str:  7    XL:     3   Next: 32%
Magic:  4/4        EV: 21    Int: 11    God:
Gold:   54         SH:  0    Dex: 19    Spells: 0 memorised, 2 levels left
                                        Lives:  0   Deaths: 1

rFire  . . .     SeeInvis +       - Unarmed
rCold  . . .     Gourm    .     (armour unavailable)
rNeg   . . .     Faith    .     (shield unavailable)
rPois  .         Spirit   .     (helmet unavailable)
rElec  .         Reflect  .     (cloak unavailable)
rCorr  .         Harm     .     (gloves unavailable)
MR     .....                    (boots unavailable)
Stlth  +++.......               (no amulet)
                                (no ring)
                                (no ring)

@: quick
A: no armour, no weapons or thrown items, stealth, claws 1, fangs 3, see
invisible, carnivore 3, speed 1, shaggy fur 1, slow metabolism 1, sharp paws
a: no special abilities


You were on level 3 of the Dungeon.
You were not hungry.

You visited 1 branch of the dungeon, and saw 3 of its levels.

You collected 54 gold pieces.

Inventory:

Jewellery
 e - an uncursed ring of wizardry
Scrolls
 c - 4 scrolls of identify
 f - a scroll of blinking {unknown}
 g - a scroll of magic mapping {unknown}
 i - a scroll of enchant weapon {unknown}
 k - a scroll of amnesia {unknown}
Potions
 b - a potion of agility
 d - a potion of heal wounds {unknown}
 h - a potion of mutation {unknown}
Comestibles
 a - 4 meat rations
 j - a beef jerky


   Skills:
 + Level 3.6 Fighting
 * Level 5.2 Dodging
 + Level 3.5 Stealth
 + Level 3.6 Unarmed Combat


You had 2 spell levels left.
You didn't know any spells.

Dungeon Overview and Level Annotations

Branches:
Dungeon (3/15)

Altars:
Qazlal


Innate Abilities, Weirdness & Mutations

You cannot wear armour.
You are incapable of wielding weapons or throwing items.
Your paws allow you to move quietly. (Stealth)
You have sharp claws.
You have razor-sharp teeth.
You have supernaturally acute eyesight. (SInv)
You are carnivorous and can eat meat at any time.
You cover ground quickly.
You are covered in fur. (AC +1)
You have a slow metabolism.
Your sharp claws are effective at attacking unaware monsters.


Message History

The hound bites you. The hound barely misses you.
You scratch the hound.
The hound is moderately wounded.
The hound completely misses you.
You barely miss the hound.
The hound is moderately wounded.
The hound closely misses you. The hound misses you.
You scratch the hound.
The hound is heavily wounded.
The hound misses you.
You scratch the hound.
The hound is severely wounded.
The hound completely misses you. The hound misses you.
You barely miss the hound.
The hound is severely wounded.
The hound bites you.
You closely miss the hound.
The hound is severely wounded.
The hound completely misses you. The hound bites you.
You die...

#.#.#.#.# #.. #
#.#.#.# #.. #.#.#.#
#.. ####+#### #.#.#.#
#.. ..%.....# #.#.#.#
#.. ........#
#^#.#.###.. ........#
#...... ......h.#
#.#.#.. .$.....@#
#(#.#.. ........#
#.#.#.. ######..#
#.#.#.. ######'#+###
#.#.#.. #..........#
#..(#.. #..........#
####... #..........#
##.#
###########..........#
#.#
..........'..........#
##+#####'#


You could see a hound.

Vanquished Creatures
  2 adders (D:2)
  2 worms (D:2)
  4 dart slugs
  2 leopard geckos (D:2)
  3 orcs (D:3)
  A giant cockroach (D:2)
  7 goblins
  7 hobgoblins
  6 jackals
  5 kobolds
  A ball python (D:3)
  5 bats
  5 frilled lizards
  2 rats
52 creatures vanquished.

Notes
Turn   | Place    | Note
-------+----------+-------------------------------------------
     0 | D:1      | NullDivider the Felid Monk began the quest for the Orb.
     0 | D:1      | Reached XP level 1. HP: 10/10 MP: 2/2
   417 | D:1      | Reached XP level 2. HP: 14/14 MP: 3/3
  1182 | D:2      | Reached XP level 3. HP: 17/17 MP: 4/4
  1199 | D:2      | Found a stormy altar of Qazlal.
  3251 | D:2      | Reached skill level 5 in Dodging
  3251 | D:2      | Reached XP level 4. HP: 5/21 MP: 5/5
  4195 | D:3      | Killed from afar by an orc priest
  4196 | D:3      | Reached XP level 3. HP: -2/17 MP: 4/4
  4247 | D:3      | Slain by a hound

Skill      XL: |  1  2  3 |
---------------+----------+-----
Stealth        | 3 |  3.5
Dodging        | 5 |  5.2
Fighting       | |  3.6
Unarmed Combat | |  3.6

Action                   |  1- 3 |  4- 6 || total
-------------------------+-------+-------++-------
Melee: Unarmed           |   158 |    30 ||   188
       Bite              |    14 |       ||    14
       Punch             |     2 |       ||     2
  Use: Scroll            |       |     1 ||     1
 Stab: Sleeping          |     9 |     2 ||    11
  Eat: Chunk             |     8 |     6 ||    14
Armor: Skin              |     5 |     1 ||     6
Dodge: Dodged            |   104 |    17 ||   121
